 Dungeon Crawl Stone Soup version 0.30.1-4-g462c640d31 (webtiles) character file.

Game seed: 14137310082826447695

2685 Almogavar the Cleaver (level 9, -4/66 HPs)
             Began as a Gnoll Wanderer on Sept 14, 2023.
             Was a Believer of Okawaru.
             Killed from afar by an acid dragon (27 damage)
             ... with a splash of acid
             ... on level 8 of the Dungeon on Sept 15, 2023.
             The game lasted 00:26:01 (7655 turns).

Almogavar the Cleaver (Gnoll Wanderer)              Turns: 7655, Time: 00:26:02

Health: -4/66      AC:  8    Str: 14    XL:     9   Next: 64%
Magic:  17/17      EV: 13    Int: 12    God:    Okawaru [**....]
Gold:   436        SH:  0    Dex: 13    Spells: 18/19 levels left

rFire   + + .        a - +0 war axe
rCold   . . .        w - orb {*channel}
rNeg    + . .        o - +2 leather armour {rF+}
rPois   .            F - +0 helmet
rElec   .            e - +1 cloak
rCorr   .            D - +1 pair of gloves
SInv    .            l - +0 pair of boots
Will    .....        (no amulet)
Stlth   ++           B - ring of protection from fire
HPRegen 0.31/turn    t - ring of positive energy
MPRegen 0.15/turn

%: channel magic (20%)
@: corroded
A: fangs 1, strong nose, distributed training
a: Renounce Religion, Heroism


You were on level 8 of the Dungeon.
You worshipped Okawaru.
Okawaru was pleased with you.
You visited 2 branches of the dungeon, and saw 9 of its levels.

You collected 436 gold pieces.

Inventory:

Hand Weapons
 a - a +0 war axe (weapon)
 c - a +0 dagger
 K - a +2 dagger of pain
Missiles
 b - 12 boomerangs (quivered)
 I - 2 throwing nets
Armour
 e - a +1 cloak (worn)
 k - a +0 chain mail
 l - a +0 pair of boots (worn)
 o - a +2 leather armour of fire resistance (worn)
 r - a +0 kite shield
 s - a +0 buckler
 w - an orb of energy (worn)
 D - a +1 pair of gloves (worn)
 F - a +0 helmet (worn)
Magical Staves
 E - the staff of death "Plog" {*Slow rC++ rN+ Int+3 Dex+3}
   (You found it on level 6 of the Dungeon)

   [staff of death]

   Base accuracy: +5 Base damage: 5 Base attack delay: 1.2 This weapon's minimum
   attack delay (0.6) is reached at skill level 12.
   Int:       It affects your intelligence (+3).
   Dex:       It affects your dexterity (+3).
   rC:        It greatly protects you from cold.
   rN:        It protects you from negative energy.
   *Slow:     It may slow you when you take damage.
   It falls into the 'Staves' category.
   It is a one-handed weapon.
Jewellery
 t - a ring of positive energy (right hand)
 B - a ring of protection from fire (left hand)
Wands
 q - a wand of paralysis (2)
 G - a wand of iceblast (9)
 L - a wand of light (14)
Scrolls
 d - a scroll of amnesia
 f - 2 scrolls of magic mapping
 g - 2 scrolls of poison
 h - a scroll of enchant armour
 i - 2 scrolls of enchant weapon
 u - a scroll of teleportation {unknown}
 y - a scroll of brand weapon {unknown}
 A - a scroll of blinking {unknown}
Potions
 j - 3 potions of curing
 m - a potion of lignification
 n - 2 potions of might
 p - 2 potions of brilliance {unknown}
 v - 2 potions of flight {unknown}
 x - 2 potions of magic {unknown}
 z - a potion of cancellation {unknown}
 C - a potion of heal wounds {unknown}
 H - a potion of resistance {unknown}
 J - a potion of invisibility {unknown}


   Skills:
 + Level 4.6 Fighting
 + Level 4.6 Short Blades
 + Level 4.6 Long Blades
 + Level 9.7 Axes
 + Level 4.6 Maces & Flails
 + Level 4.6 Polearms
 + Level 4.6 Staves
 + Level 4.6 Ranged Weapons
 + Level 5.3 Throwing
 + Level 4.6 Armour
 + Level 4.6 Dodging
 + Level 4.6 Stealth
 + Level 4.6 Shields
 + Level 4.6 Unarmed Combat
 + Level 5.5 Spellcasting
 + Level 3.8 Conjurations
 + Level 3.8 Hexes
 + Level 3.8 Summonings
 + Level 3.8 Necromancy
 + Level 3.8 Translocations
 + Level 3.8 Transmutations
 + Level 3.8 Fire Magic
 + Level 3.8 Ice Magic
 + Level 8.1 Air Magic
 + Level 3.8 Earth Magic
 + Level 3.8 Poison Magic
 + Level 5.1 Invocations
 + Level 4.6 Evocations


You had 18 spell levels left.
You knew the following spells:

 Your Spells              Type           Power      Damage    Failure   Level
a - Shock                 Conj/Air       68%        1d7       8%          1

Your spell library contained the following spells:

 Spells                   Type           Power      Damage    Failure   Level
 Cigotuvi's Dreadful Rot  Necr/Pois/Air  30%        N/A       13%         2
 Necrotise                Necr           48%        1d6       14%         1
 Slow                     Hex            48%        N/A       14%         1
 Vhi's Electric Charge    Tloc/Air       34%        N/A       17%         3
 Confusing Touch          Hex            12%        N/A       32%         3
 Dazzling Flash           Conj/Hex       24%        N/A       32%         3
 Ignite Poison            Fire/Tmut/Pois 12%        N/A       32%         3
 Ozocubu's Armour         Ice            12%        N/A       32%         3
 Vampiric Draining        Necr           12%        2d6       32%         3
 Volatile Blastmotes      Fire/Tloc      24%        2d12      32%         3
 Iskenderun's Mystic Bla  Conj/Tloc      12%        2d5       65%         4
 Freezing Cloud           Conj/Ice/Air   7%         6-21      78%         5
 Agony                    Necr           12%        N/A       92%         5
 Metabolic Englaciation   Hex/Ice        6%         N/A       92%         5
 Starburst                Conj/Fire      6%         6d4       100%        6
 Simulacrum               Ice/Necr       Unusable   N/A       N/A         6

Dungeon Overview and Level Annotations

Branches:
Dungeon (8/15)             Temple (1/1) D:5
   Lair: D:8-11

Altars:
Dithmenos
Elyvilon
Gozag
Kikubaaqudgha
Nemelex Xobeh
Okawaru
Qazlal
Sif Muna
Uskayaw
Zin
The Shining One


Innate Abilities, Weirdness & Mutations

You have very sharp teeth.
Your uncanny sense of smell can sniff out nearby items.
Your experience applies equally to all skills.


Message History

The splash of acid hits you!! The acid corrodes you!
You closely miss the acid dragon. Your bite misses the acid dragon.
The acid dragon is moderately wounded.
The acid dragon misses you. x2
You barely miss the acid dragon. Your bite misses the acid dragon.
The acid dragon is moderately wounded.
The acid dragon barely misses you. The acid dragon claws you.
You hit the acid dragon.
You bite the acid dragon, but do no damage.
The acid dragon is heavily wounded.
The acid dragon bites you but does no damage.
The acid dragon closely misses you.
You closely miss the acid dragon.
The acid dragon is heavily wounded.
The acid dragon bites you but does no damage.
The acid dragon closely misses you.
You hit the acid dragon.
The acid dragon is heavily wounded.
The acid dragon closely misses you.
The acid dragon claws you but does no damage.
You barely miss the acid dragon.
The acid dragon is heavily wounded.
The acid dragon bites you. The acid dragon claws you.
You barely miss the acid dragon.
The acid dragon is heavily wounded.
The acid dragon completely misses you.
The acid dragon claws you but does no damage.
You hit the acid dragon but do no damage.
The acid dragon is heavily wounded.
The acid dragon closely misses you.
The acid dragon claws you but does no damage.
You hit the acid dragon but do no damage.
The acid dragon is heavily wounded.
The acid dragon bites you!
The acid dragon claws you but does no damage.
You barely miss the acid dragon.
The acid dragon is heavily wounded.
The acid dragon spits acid at you. The splash of acid hits you!!
You die...

########..........
.##.
#######.#########
∆+..............
#######.#######
#......... ∆
#..######. #..# ∆
#..# #@.# #D.#
#..# ∆ #... #.
#.### #. #.# #.
..: #. #.# #. #.


You could see an acid dragon (catching breath).

Vanquished Creatures
  Grinder (D:3)
  Sigmund (D:2)
  Eustachio (D:4)
  2 sky beasts (D:7)
  2 orc warriors
  An ice beast (D:8)
  2 ogres
  2 centaurs (D:7)
  3 kobold brigands
  4 bullfrogs
  2 scorpions
  2 hounds (D:5)
  5 jellies
  An orc priest (D:3)
  3 gnoll boudas
  Jessica (D:2)
  3 iguanas
  4 orc wizards (D:7)
  14 gnolls
  7 adders
  A white imp (D:8)
  2 ufetubi
  3 worms
  3 dart slugs
  15 orcs
  4 ball pythons
  11 endoplasms
  A giant cockroach (D:1)
  A goblin (D:3)
  7 hobgoblins
  4 jackals (D:5)
  14 kobolds
  2 quokkas
  7 bats
  3 frilled lizards (D:4)
  4 rats
143 creatures vanquished.

Vanquished Creatures (others)
  An orc wizard (D:7)
1 creature vanquished.

Grand Total: 144 creatures vanquished

Notes
Turn   | Place    | Note
-------+----------+-------------------------------------------
     0 | D:1      | Almogavar the Gnoll Wanderer began the quest for the Orb.
     0 | D:1      | Almogavar set off with the following items: a +0 war axe,
                  | 10 boomerangs, a +0 dagger, a scroll of fear, a +0 robe;
                  | and the following spell memorised: Shock; and the following
                  | spells available to memorise: Vhi's Electric Charge.
     0 | D:1      | Reached XP level 1. HP: 13/13 MP: 4/4
   349 | D:1      | Reached XP level 2. HP: 19/19 MP: 0/5
  1091 | D:2      | Found a faded altar of an unknown god.
  1134 | D:2      | Found a hide-covered altar of Uskayaw.
  1137 | D:2      | Noticed Jessica
  1148 | D:2      | Killed Jessica
  1149 | D:2      | Reached skill level 1 in Fighting
  1149 | D:2      | Reached skill level 1 in Short Blades
  1149 | D:2      | Reached skill level 1 in Long Blades
  1149 | D:2      | Reached skill level 1 in Maces & Flails
  1149 | D:2      | Reached skill level 1 in Polearms
  1149 | D:2      | Reached skill level 1 in Staves
  1149 | D:2      | Reached skill level 1 in Ranged Weapons
  1149 | D:2      | Reached skill level 1 in Armour
  1149 | D:2      | Reached skill level 1 in Dodging
  1149 | D:2      | Reached skill level 1 in Stealth
  1149 | D:2      | Reached skill level 1 in Shields
  1149 | D:2      | Reached skill level 1 in Unarmed Combat
  1149 | D:2      | Reached skill level 1 in Invocations
  1149 | D:2      | Reached skill level 1 in Evocations
  1149 | D:2      | Reached XP level 3. HP: 18/26 MP: 1/7
  1226 | D:2      | Reached XP level 4. HP: 32/32 MP: 5/8
  1364 | D:2      | Noticed Sigmund
  1480 | D:3      | Noticed Grinder
  1498 | D:2      | Killed Sigmund
  1499 | D:2      | Reached skill level 1 in Conjurations
  1499 | D:2      | Reached skill level 1 in Hexes
  1499 | D:2      | Reached skill level 1 in Summonings
  1499 | D:2      | Reached skill level 1 in Necromancy
  1499 | D:2      | Reached skill level 1 in Translocations
  1499 | D:2      | Reached skill level 1 in Transmutations
  1499 | D:2      | Reached skill level 1 in Fire Magic
  1499 | D:2      | Reached skill level 1 in Ice Magic
  1499 | D:2      | Reached skill level 1 in Earth Magic
  1499 | D:2      | Reached skill level 1 in Poison Magic
  1499 | D:2      | Reached XP level 5. HP: 28/38 MP: 7/10
  1499 | D:2      | Reached XP level 6. HP: 32/44 MP: 7/11
  2190 | D:3      | Killed Grinder
  2191 | D:3      | Reached XP level 7. HP: 27/50 MP: 1/12
  2833 | D:3      | Found a shadowy altar of Dithmenos.
  3633 | D:4      | Noticed Eustachio
  3691 | D:4      | Killed Eustachio
  3692 | D:4      | Reached skill level 9 in Axes
  4179 | D:5      | Entered Level 5 of the Dungeon
  4691 | D:4      | Reached XP level 8. HP: 52/58 MP: 12/14
  4769 | D:5      | Found a staircase to the Ecumenical Temple.
  4778 | Temple   | Entered the Ecumenical Temple
  4801 | Temple   | Became a worshipper of Warmaster Okawaru
  5926 | D:6      | Identified the staff of death "Plog" {*Slow rC++ rN+ Int+3
                  | Dex+3}
  6148 | D:6      | Found a glowing silver altar of Zin.
  6248 | D:6      | Reached * piety under Okawaru
  6529 | D:7      | Reached XP level 9. HP: 60/65 MP: 16/16
  6570 | D:7      | Reached skill level 5 in Spellcasting
  6803 | D:7      | Reached skill level 5 in Throwing
  6854 | D:7      | Reached ** piety under Okawaru
  7086 | D:7      | Found a hide-covered altar of Uskayaw.
  7307 | D:8      | Reached skill level 5 in Invocations
  7655 | D:8      | Killed from afar by an acid dragon

Illustrated notes

Levels and vault maps discovered:
D:1:      lemuel_arrival_behind_the_door_small, layout_loops_ring,
          nicolae_concentric_dashed_squares_mild
D:2:      layout_rooms, basic_altar, shapermc_ecumenical_altar_flowoftime,
          serial_curves, eino_curves_01, eino_curves_02, eino_curves_02,
          eino_curves_02, uniq_jessica, uniq_sigmund
D:3:      layout_basic, grunt_dithmenos_smoke, nicolae_titane, uniq_grinder
D:4:      layout_basic, hangedman_abyss_or_decor_stabs, minmay_lizard_king,
          uniq_eustachio
D:5:      cheibrodos_thug_alley, layout_loops_cross,
          minmay_temple_entry_slanted, nicolae_nh_ransacked_shop
D:6:      layout_basic, mainiacjoe_overflow_surrounded_room
D:7:      layout_rooms, nicolae_uskayaw_dance_hall
D:8:      layout_basic
Temple:   regret_index_temple_mists

Skill      XL: |  1  2  3  4  5  6  7  8  9 |
---------------+----------------------------+-----
Fighting       | 1 2 3 4 |  4.6
Short Blades   | 1 2 3 4 |  4.6
Long Blades    | 1 2 3 4 |  4.6
Maces & Flails | 1 2 3 4 |  4.6
Polearms       | 1 2 3 4 |  4.6
Staves         | 1 2 3 4 |  4.6
Ranged Weapons | 1 2 3 4 |  4.6
Armour         | 1 2 3 4 |  4.6
Dodging        | 1 2 3 4 |  4.6
Stealth        | 1 2 3 4 |  4.6
Shields        | 1 2 3 4 |  4.6
Unarmed Combat | 1 2 3 4 |  4.6
Invocations    | 1 2 3 4 5 |  5.1
Evocations     | 1 2 3 4 |  4.6
Spellcasting   | 3 4 5 |  5.5
Throwing       | 3 4 5 |  5.3
Conjurations   | 1 2 3 |  3.8
Hexes          | 1 2 3 |  3.8
Summonings     | 1 2 3 |  3.8
Necromancy     | 1 2 3 |  3.8
Translocations | 1 2 3 |  3.8
Transmutations | 1 2 3 |  3.8
Fire Magic     | 1 2 3 |  3.8
Ice Magic      | 1 2 3 |  3.8
Earth Magic    | 1 2 3 |  3.8
Poison Magic   | 1 2 3 |  3.8
Axes           | 9 |  9.7
Air Magic      | 8 |  8.1

Action                     |  1- 3 |  4- 6 |  7- 9 || total
---------------------------+-------+-------+-------++-------
  Melee: War axe           |    14 |    37 |   358 ||   409
         Bite              |     1 |     6 |    43 ||    50
         Punch             |       |       |     4 ||     4
  Throw: Boomerang         |       |       |    15 ||    15
   Cast: Shock             |    42 |    49 |   217 ||   308
    Use: Scroll            |       |     1 |    11 ||    12
         Potion            |       |       |     3 ||     3
   Stab: Sleeping          |       |     1 |     2 ||     3
 Armour: Robe              |     4 |       |       ||     4
         Leather armour    |     1 |    12 |   153 ||   166
         Skin              |       |       |     3 ||     3
  Dodge: Dodged            |     8 |    17 |   225 ||   250
